AoeStats
← PNAL | x_lintu_x

Arabia

510179488Analyzed
1v1 RM · 3d ago on Sep 29, 2026· 15m 30s· 2 players
Game mode
Random Map
Map size
Tiny (2 player)
Population
200
Speed
Normal
Resources
Standard
Victory
Conquest
Starting age
Dark Age
Ending age
Imperial Age
RankedLock teamsTeams togetherTeam positionsShared explorationLock speedFull tech treeHidden civsTurbo modeCheats
Victory
Defeat
🇦🇷 Ethiopians · Argentina
1096
+16
🇹🇼 Inca · Taiwan
1092
-16
吶舞顆林
7:08 Loom
8:59 Feudal Age
9:29 Horse Collar
9:34 Double-Bit Axe
10:02 Loom
12:20 Gold Mining
16:10 Wheelbarrow
PNAL | x_lintu_x
5:51 Loom
9:05 Feudal Age
10:27 Double-Bit Axe
14:59 Fletching
Connection lost

Rejoining the realm…

Still unreachable

The connection could not be restored.

Session expired

The server has moved on; the page needs a fresh start.